 Dungeon Crawl Stone Soup version 0.27-a0-277-g024f7ef292 (webtiles) character file.

Game seed: 13875938645472240850

199 runemasterragnar the Covered (level 5, -12/33 HPs)
             Began as a Tengu Fighter on Feb 7, 2021.
             Mangled by an ogre
             ... wielding a +0 giant club
              (18 damage)
             ... on level 4 of the Dungeon.
             The game lasted 00:03:42 (3216 turns).

runemasterragnar the Covered (Tengu Fighter)        Turns: 3216, Time: 00:03:42

Health: -12/33     AC:  7    Str: 16    XL:     5   Next: 77%
Magic:  6/6        EV:  6    Int: 10    God:
Gold:   215        SH: 13    Dex: 13    Spells: 4/4 levels left

rFire    . . .     SeeInvis .   a - +0 long sword
rCold    . . .     Faith    .   i - +0 tower shield
rNeg     . . .     Spirit   .   b - +0 scale mail
rPois    .         Reflect  .   (helmet restricted)
rElec    .         Harm     .   (no cloak)
rCorr    .         Rampage  .   (no gloves)
Will     .....                  (boots unavailable)
Stlth    ..........             (no amulet)
HPRegen  0.11/turn              (no ring)
MPRegen  0.10/turn              (no ring)

@: no status effects
A: beak, talons 3, able to fly
a: Fly


You were on level 4 of the Dungeon.
You visited 1 branch of the dungeon, and saw 4 of its levels.

You collected 215 gold pieces.

Inventory:

Hand Weapons
 a - a +0 long sword (weapon)
Missiles
 n - 7 javelins
 p - 29 poisoned darts (quivered)
Armour
 b - a +0 scale mail (worn)
 i - a +0 tower shield (worn)
Jewellery
 f - an uncursed amulet of the acrobat {unknown}
Wands
 h - a wand of flame (7)
 u - a wand of random effects (14)
Scrolls
 c - a scroll of immolation {unknown}
 k - a scroll of fear {unknown}
 l - 4 scrolls of identify {unknown}
 o - 2 scrolls of remove curse
 q - a scroll of fog {unknown}
 r - a scroll of noise {unknown}
 s - a scroll of amnesia {unknown}
Potions
 d - a potion of might
 e - 2 potions of heal wounds {unknown}
 g - a potion of mutation {unknown}
 j - a potion of magic {unknown}
 m - a potion of curing {unknown}
 t - a potion of lignification {unknown}


   Skills:
 + Level 3.8 Fighting
 * Level 3.5 Long Blades
 + Level 4.0 Armour
 + Level 2.3 Dodging
 + Level 3.7 Shields
 * Level 1.1 Unarmed Combat


You had 4 spell levels left.
You didn't know any spells.
Your spell library was empty.

Dungeon Overview and Level Annotations

Branches:
Dungeon (4/15)
 Temple: D:4-7

Altars:
Gozag
Hepliaklqana
Okawaru
Wu Jian
Yredelemnul
Zin
The Shining One


Innate Abilities, Weirdness & Mutations

You have a beak for a mouth.
You have claws for feet.
You can fly continuously.


Message History

You slash the ogre! You claw the ogre. Your peck misses the ogre.
The ogre is heavily wounded.
The ogre hits you with a +0 giant club!
* * * LOW HITPOINT WARNING * * *
You block the ogre's attack.
You closely miss the ogre. You peck the ogre.
The ogre is heavily wounded.
You block the ogre's attack.
Unknown command.
Found 4 javelins.
Found a phial of floods.
Throw: 30 darts (poison)
Press: ? - help, Q - select action, (/) - cycle Shift-Dir - straight line, f/p - ogre
Aim: an ogre, wielding a +0 giant club (severely wounded, very poisoned, 73% to hit)
You throw a poisoned dart. The poisoned dart hits the ogre.
The ogre looks even sicker.
The ogre is severely wounded.
The ogre hits you with a +0 giant club!!
Ouch! That really hurt!
You die...

.......<.# .####.##.#
.P..P♣. ##.(.#.# .♣..P.P
.##......# #♣ P......
.[.....#.# #P ...(..♣
.##...##.# #.♣♣.....♣
.#.###.#.#####P♣......♣P
.. #..###....♣........
##.###.## P.♣.♣@....†.♣
#...## #.♣O.†......
###.## ###(....§§..♣
#..♣ ##..♣....§§... #.P♣
#....)....††..
#.####♣.)♣♣....†...}
.####.###.....♣........♣
.....>#..(..♣#.♣........
.###..#♣)...# .♣♣......


You could see an ogre (very poisoned).

Vanquished Creatures
  A big kobold (D:4)
  An orc wizard (D:3)
  An adder (D:2)
  2 oozes (D:3)
  2 worms
  4 dart slugs
  5 orcs (D:3)
  6 giant cockroaches
  4 goblins
  6 hobgoblins
  3 jackals (D:1)
  21 kobolds
  3 quokkas
  3 bats
  A frilled lizard (D:3)
  10 rats
73 creatures vanquished.

Vanquished Creatures (others)
  30 plants (D:4)
30 creatures vanquished.

Grand Total: 103 creatures vanquished

Notes
Turn   | Place    | Note
-------+----------+-------------------------------------------
     0 | D:1      | runemasterragnar the Tengu Fighter began the quest for the
                  | Orb.
     0 | D:1      | Reached XP level 1. HP: 14/14 MP: 2/2
   174 | D:1      | Reached XP level 2. HP: 17/19 MP: 3/3
   480 | D:1      | Reached skill level 1 in Dodging
   491 | D:1      | Reached XP level 3. HP: 20/23 MP: 4/4
  2088 | D:3      | Found an iron altar of Okawaru.
  2284 | D:3      | Reached XP level 4. HP: 25/28 MP: 5/5
  2610 | D:3      | Found a glowing golden altar of the Shining One.
  2610 | D:3      | Found an ornate altar of the Wu Jian Council.
  2610 | D:3      | Found a hazy altar of Hepliaklqana.
  2610 | D:3      | Found a basalt altar of Yredelemnul.
  2889 | D:3      | Found an opulent altar of Gozag.
  2889 | D:3      | Found a glowing silver altar of Zin.
  3063 | D:4      | Gained mutation: You can fly continuously. [Tengu growth]
  3063 | D:4      | Reached XP level 5. HP: 30/32 MP: 6/6
  3151 | D:4      | Noticed a big kobold
  3173 | D:4      | Killed a big kobold
  3174 | D:4      | Reached skill level 4 in Armour
  3174 | D:4      | Reached skill level 1 in Unarmed Combat
  3204 | D:4      | Noticed an ogre
  3216 | D:4      | Mangled by an ogre

Illustrated notes

Levels and vault maps discovered:
D:1:      minmay_arrival_solitary_statue, layout_loops_cross
D:2:      layout_basic
D:3:      layout_rooms, minmay_overflow_temple_hex, overflow_temple_1_default
D:4:      kennysheep_kobold_camp, layout_loops_corners, st_stairs_1,
          uniq_sigmund

Skill      XL: |  1  2  3  4  5 |
---------------+----------------+-----
Dodging        | 1 2 |  2.3
Long Blades    | 3 |  3.5
Armour         | 4 |  4.0
Unarmed Combat | 1 |  1.1
Fighting       | |  3.8
Shields        | |  3.7

Action                   |  1- 3 |  4- 6 || total
-------------------------+-------+-------++-------
Melee: Long sword        |    73 |    98 ||   171
       Peck              |     5 |    14 ||    19
       Kick              |    18 |    23 ||    41
Throw: Dart              |       |     5 ||     5
  Use: Scroll            |     2 |       ||     2
Armor: Scale mail        |    27 |    38 ||    65
Dodge: Dodged            |    12 |    20 ||    32
Block: Kite shield       |    17 |       ||    17
       Tower shield      |    24 |    71 ||    95
       Rpst.: Long sword |     4 |     4 ||     8

Table legend: (Time is in decaauts)
 A = Elapsed time spent in this place.
 B = Non-inter-level travel time spent in this place.
 C = Inter-level travel time spent in this place.
 D = Time resting spent in this place.
 E = Time spent auto-exploring this place.
 F = Levels seen in this place.
 G = Mean time per level.
                   A        B        C        D        E       F      G
               +--------+--------+--------+--------+--------+-----+--------+
         Total |   3329 |   3251 |     78 |    356 |   2345 |   4 |  832.2 |
       Dungeon |   3329 |   3251 |     78 |    356 |   2345 |   4 |  832.2 |
               +--------+--------+--------+--------+--------+-----+--------+

Top non-repeatable levels by time:
     D:2: 1049 daAuts
     D:3: 1042 daAuts
     D:1: 1017 daAuts
     D:4: 219 daAuts
